 Dungeon Crawl Stone Soup version 0.32-a0-468-g38b2580584 (webtiles) character file.

Game seed: 6396928975636654746

5 Esekla the Sneak (level 1, -7/16 HPs)
             Began as an Octopode Delver on Feb 24, 2024.
             Was an Initiate of Gozag.
             Killed by divine providence
             ... invoked by an orc priest
              (11 damage)
             ... on level 5 of the Dungeon.
             The game lasted 00:05:11 (459 turns).

Esekla the Sneak (Octopode Delver)                   Turns: 459, Time: 00:05:12

Health: -7/16      AC:  1    Str: 11    XL:     1   Next: 80%
Magic:  1/1        EV: 13    Int: 12    God:    Gozag
Gold:   5          SH:  0    Dex: 13    Spells: 0/0 levels left

rFire   . . .        a - +0 falchion
rCold   . . .        (no shield)
rNeg    . . .        (helmet restricted)
rPois   .            (no amulet)
rElec   .            (no ring)
rCorr   .            (no ring)
SInv    .            (no ring)
Will    .....        (no ring)
Stlth   ++++         (no ring)
HPRegen 0.22/turn    (no ring)
MPRegen 0.07/turn    (no ring)
                     (no ring)

%: no passive effects
@: no status effects
A: almost no armour, amphibious, 8 rings, camouflage 1, gelatinous body 1,
(nimble swimmer 1), tentacles
a: Renounce Religion, Potion Petition, Call Merchant, Bribe Branch


You were on level 5 of the Dungeon.
You worshipped Gozag.
Gozag was noncommittal.
You visited 2 branches of the dungeon, and saw 2 of its levels.

You collected 25 gold pieces.
You paid 20 gold pieces to Gozag.

Inventory:

Hand Weapons
 a - a +0 falchion (weapon)
 c - a +0 dagger
Missiles
 g - 3 boomerangs (quivered)
Wands
 f - a wand of digging (3)
Potions
 d - a potion of might {unknown}


   Skills:
 * Level 3.1 Fighting
 + Level 2.0 Long Blades
 * Level 2.0 Dodging
 + Level 6.7 Stealth
 * Level 0.2 Spellcasting


You couldn't memorise any spells.
You didn't know any spells.
Your spell library contained the following spells:

 Spells                   Type           Power      Damage    Failure   Level
 Dazzling Flash           Conj/Hex       0%         N/A       69%         3
 Volatile Blastmotes      Fire/Tloc      0%         2d10      69%         3
 Starburst                Conj/Fire      0%         6d3       100%        6
 Maxwell's Capacitive Co  Air            0%         ∞         100%        8


Dungeon Overview and Level Annotations

Branches:
Dungeon (5/15)             Temple (1/1) D:5

Altars:
Ashenzari
Dithmenos
Fedhas
Gozag
Hepliaklqana
Makhleb
Nemelex Xobeh
Okawaru
Qazlal
Ru
Sif Muna
Trog
Uskayaw
Wu Jian
Xom
Yredelemnul

Shops:
D:5 *

Annotations:
D:5 Ijyb


Innate Abilities, Weirdness & Mutations

You cannot wear most types of armour.
You are amphibious.
You can wear up to eight rings at the same time.
Your skin changes colour to match your surroundings (Stealth+).
Your rubbery body absorbs attacks. (AC +1, EV +1)
((You are camouflaged when in or above water. (Stealth+)))
You have tentacles for arms and can constrict up to eight enemies at once.


Message History

The howler monkey hoots and howls with incredible vigour!
You hear a shout! x5
The howler monkey hoots and howls with incredible vigour!
You hear a shout!
Your extra speed is starting to run out.
You feel yourself slow down.
Things that are here:
a jackal corpse; a jackal corpse
There is a staircase to the Ecumenical Temple here.
You climb downwards.
Welcome back to the Ecumenical Temple!
There is a staircase back to the Dungeon here.
There is an opulent altar of Gozag here.
You curl up in front of the altar of Gozag.
Gozag welcomes you!
You pay a service fee of 20 gold.
There is a staircase back to the Dungeon here.
You climb upwards.
There is a staircase to the Ecumenical Temple here.
Things that are here:
a jackal skeleton; a jackal skeleton Ijyb the Inquisitive comes into view.
She is wielding a +0 dagger, wearing a +3 leather armour of poison resistance and carrying a wand of paralysis.
The orc priest hits you with a +0 short sword.
Okay, then.
Okay, then.
As you read the scroll of fog, it dissolves into smoke.
The orc priest barely misses you.
The orc priest hits you with a +0 short sword.
Ijyb shouts!
You hear a shout!
The orc priest attacks as it pursues you!
The orc priest misses you.
Found a stone staircase leading up.
Ijyb screams, "It's all mine!"
The orc priest attacks as it pursues you!
The orc priest hits you with a +0 flail!
* * * LOW HITPOINT WARNING * * *
The orc priest invokes the aid of Beogh against you.
Beogh smites you!
Ouch! That really hurt!
You die...
Your body crumbles into a pile of gold.

###.............,.#...##......#..
####.............*#..##..........
#######........#.##..#.........#.
#######...........§§§#...##.#..##
*...........§§§§...##.##.##
**,........§§§§§...........
*,,......##o§§§§.##.....#..
**,......<#oo§...g...#.....
*,*,,,*#..@.§§.......##...#
***,,,,,*#...#.........##..##
*,,,,,.......[............###
**,,,#......###..#..##.......
****#...........##.##.......
#...........##........[.
##.....,*#...#..###.....
###...,##.....###......
*,*,*#...........##..


You could see 3 orc priests.

Vanquished Creatures
  4 jackals (D:5)
4 creatures vanquished.

Notes
Turn   | Place    | Note
-------+----------+-------------------------------------------
     0 | D:5      | Esekla the Octopode Delver began the quest for the Orb.
     0 | D:5      | Reached XP level 1. HP: 16/16 MP: 1/1
    16 | D:5      | Noticed an ogre
    40 | D:5      | Noticed a hound
    64 | D:5      | Noticed an orc priest
    64 | D:5      | Noticed an orc priest
    64 | D:5      | Noticed an orc priest
   172 | D:5      | Found a staircase to the Ecumenical Temple.
   181 | Temple   | Entered the Ecumenical Temple
   238 | D:5      | Noticed an orc priest
   246 | D:5      | Noticed a bombardier beetle
   260 | D:5      | Noticed a howler monkey
   297 | D:5      | Noticed an ogre
   391 | Temple   | Became a worshipper of Gozag Ym Sagoz the Greedy
   450 | D:5      | Noticed Ijyb
   459 | D:5      | Killed from afar by an orc priest

Illustrated notes

Levels and vault maps discovered:
D:5:      layout_cave_pools, temple_hall, serial_shops, shop,
          nrook_loot_triangle, guppyfry_early_orc_mine, uniq_ijyb
Temple:   compressed_dpeg_triangle_lava_temple

Action                     || total
---------------------------++-------
  Melee: Falchion          ||     8
         Constrict         ||     2
         Tentacles         ||     1
    Use: Scroll            ||     3
         Potion            ||     1
 Armour: Skin              ||     6
  Dodge: Dodged            ||    10

Table legend: (Time is in decaauts)
 A = Elapsed time spent in this place.
 B = Non-inter-level travel time spent in this place.
 C = Inter-level travel time spent in this place.
 D = Time resting spent in this place.
 E = Time spent auto-exploring this place.
 F = Levels seen in this place.
 G = Mean time per level.
                   A        B        C        D        E       F      G
               +--------+--------+--------+--------+--------+-----+--------+
         Total |    442 |    442 |      0 |     32 |      0 |   2 |  221.0 |
       Dungeon |    422 |    422 |      0 |     32 |      0 |   1 |  422.0 |
        Temple |     19 |     19 |      0 |      0 |      0 |   1 |   19.0 |
               +--------+--------+--------+--------+--------+-----+--------+

Top non-repeatable levels by time:
     D:5: 422 daAuts
  Temple: 19 daAuts
